 Dungeon Crawl Stone Soup version 0.31-a0-271-gb88eb75e06 (webtiles) character file.

Game seed: 10288304903444803341

609 Newt the Trooper (level 7, 0/58 HPs)
             Began as a Demonspawn Gladiator on July 14, 2023.
             Slain by Pikel
             ... wielding a +2 whip of flaming
              (1 damage)
             ... on level 4 of the Dungeon.
             The game lasted 00:04:33 (2863 turns).

Newt the Trooper (Demonspawn Gladiator)             Turns: 2863, Time: 00:04:33

Health: 0/58       AC:  6    Str: 14    XL:     7   Next: 19%
Magic:  7/7        EV: 14    Int:  9    God:
Gold:   71         SH:  0    Dex: 20    Spells: 6/6 levels left

rFire   . . .        l - +2 war axe (freeze)
rCold   . . .        (no shield)
rNeg    . . .        f - +2 leather armour of the Trout {Will++ Dex+3 Stlth+}
rPois   .            c - +0 helmet
rElec   .            (no cloak)
rCorr   .            (no gloves)
SInv    .            (no boots)
Will    ++...        (no amulet)
Stlth   ++++         (no ring)
HPRegen 0.29/turn    (no ring)
MPRegen 0.20/turn

%: no passive effects
@: no status effects
A: icemail 1, magic regeneration, sturdy frame 2, condensation shield
a: no special abilities


You were on level 4 of the Dungeon.
You visited 1 branch of the dungeon, and saw 4 of its levels.

You collected 240 gold pieces.
You spent 169 gold pieces at shops.

Inventory:

Hand Weapons
 a - a +0 rapier
 l - a +2 war axe of freezing (weapon)
Missiles
 e - a throwing net
 g - a javelin
Armour
 b - a +0 leather armour
 c - a +0 helmet (worn)
 f - the +2 leather armour of the Trout (worn) {Will++ Dex+3 Stlth+}
   (You found it on level 2 of the Dungeon)

   Dex:       It affects your dexterity (+3).
   Will:      It greatly increases your willpower.
   Stlth:     It makes you more stealthy.
Wands
 d - a wand of quicksilver (10)
Scrolls
 h - a scroll of fog
 i - 2 scrolls of torment
 k - a scroll of teleportation
Potions
 j - 2 potions of curing
 m - a potion of haste
 n - a potion of degeneration {unknown}
 o - 2 potions of mutation {unknown}
 p - a potion of might {unknown}
 r - a potion of invisibility {unknown}


   Skills:
 - Level 6.0 Fighting
 - Level 2.6 Short Blades
 + Level 2.1 Axes
 - Level 1.7 Throwing
 - Level 4.0 Dodging
 - Level 3.0 Stealth


You had 6 spell levels left.
You didn't know any spells.
Your spell library contained the following spells:

 Spells                   Type           Power      Damage    Failure   Level
 Sting                    Tmut/Pois      0%         1d3       38%         1
 Poisonous Vapours        Pois/Air       0%         N/A       52%         2
 Static Discharge         Conj/Air       0%         2-2/arc   52%         2
 Ozocubu's Armour         Ice            0%         N/A       77%         3
 Stone Arrow              Conj/Erth      0%         3d7       77%         3
 Airstrike                Air            0%         2d(0-16)  99%         4
 Animate Armour           Summ/Erth      0%         N/A       99%         4
 Animate Dead             Necr           0%         N/A       99%         4
 Olgreb's Toxic Radiance  Pois           0%         N/A       99%         4
 Summon Lightning Spire   Summ/Air       0%         N/A       99%         4
 Borgnjor's Vile Clutch   Necr/Erth      0%         N/A       100%        5
 Metabolic Englaciation   Hex/Ice        0%         N/A       100%        5
 Death Channel            Necr           0%         N/A       100%        6
 Simulacrum               Ice/Necr       0%         N/A       100%        6
 Ozocubu's Refrigeration  Ice            0%         4d7       100%        7
 Lehudib's Crystal Spear  Conj/Erth      0%         10d2      100%        8


Dungeon Overview and Level Annotations

Branches:
Dungeon (4/15)
 Temple: D:4-7

Altars:
Dithmenos
Nemelex Xobeh
Qazlal
Wu Jian

Shops:
D:3 (

Annotations:
D:4 Pikel


Innate Abilities, Weirdness & Mutations

A meltable icy envelope protects you from harm. (AC +0)
You regenerate magic rapidly.
Your movements are less encumbered by armour. (ER -4)
A meltable shield of frost defends you. (SH +0)


Message History

Pikel is heavily wounded.
Pikel hits you with a +2 whip of flaming!
Pikel burns you. Pikel misses you.
You barely miss Pikel.
Pikel is heavily wounded.
Pikel hits you with a +2 whip of flaming!
* * * LOW HITPOINT WARNING * * *
Pikel burns you.
* * * LOW HITPOINT WARNING * * *
Aiming: Quicksilver Bolt
Press: ? - help, Shift-Dir - straight line, f - Pikel
Aim: Pikel, wielding a +2 whip of flaming and wearing a +2 robe (heavily wounded, 64% to hit)
Okay, then.
Throw: 2 throwing nets
Press: ? - help, Shift-Dir - straight line, f - Pikel
Aim: Pikel, wielding a +2 whip of flaming and wearing a +2 robe (heavily wounded, 56% to hit)
You throw a throwing net. The throwing net hits Pikel.
Pikel is caught in the net!
Pikel is heavily wounded.
Pikel struggles against the net.
You hit Pikel but do no damage.
Pikel is heavily wounded.
Pikel struggles against the net.
You hit Pikel. You freeze Pikel.
Pikel is heavily wounded.
Pikel struggles against the net. x2
You hit Pikel but do no damage.
Pikel is heavily wounded.
Pikel struggles against the net.
The net rips apart, and Pikel comes free!
You slash Pikel! You freeze Pikel.
Pikel is almost dead.
Pikel hits you with a +2 whip of flaming!
* * * LOW HITPOINT WARNING * * *
Pikel burns you.
* * * LOW HITPOINT WARNING * * *
Pikel hits you with a +2 whip of flaming.
* * * LOW HITPOINT WARNING * * *
Pikel burns you.
You die...

## #####. ... ####.....
.. #........ ..
##.##..##.# #.
.).....##.# #.
##.##.###.###.######.##.
#...........55K@.......
##.##..##.###.5#####.#..
)..###.#...##.....#.#
#### #......##.#...#
######...<.........#
............#......#
.#####.#............# ##
#.######...#.##.# # #.#
##.##.# ##


You could see Pikel and 3 lemures.

Vanquished Creatures
  Sigmund (D:3)
  An orc warrior (D:4)
  A howler monkey (D:4)
  A jelly (D:4)
  An orc priest (D:3)
  Ijyb (D:3)
  An iguana (D:4)
  2 orc wizards (D:4)
  6 adders
  2 worms
  3 dart slugs (D:3)
  7 orcs
  11 ball pythons
  6 bats
  8 endoplasms
  2 giant cockroaches
  6 goblins
  10 hobgoblins
  2 quokkas
  4 frilled lizards
  2 kobolds
  12 rats
90 creatures vanquished.

Notes
Turn   | Place    | Note
-------+----------+-------------------------------------------
     0 | D:1      | Newt the Demonspawn Gladiator began the quest for the Orb.
     0 | D:1      | Reached XP level 1. HP: 16/16 MP: 1/1
   169 | D:1      | Gained mutation: A meltable shield of frost defends you.
                  | (SH +0) [demonic ancestry]
   169 | D:1      | Reached XP level 2. HP: 23/23 MP: 2/2
   204 | D:1      | Found a faded altar of an unknown god.
   228 | D:1      | Reached skill level 3 in Fighting
   700 | D:2      | Identified the +2 leather armour of the Trout {Will++ Dex+3
                  | Stlth+}
   722 | D:2      | Gained mutation: You regenerate magic rapidly. [demonic
                  | ancestry]
   722 | D:2      | Reached XP level 3. HP: 29/29 MP: 3/3
   787 | D:2      | Found a stormy altar of Qazlal.
  1004 | D:2      | Reached skill level 4 in Fighting
  1007 | D:2      | Reached skill level 1 in Stealth
  1175 | D:2      | Reached XP level 4. HP: 37/37 MP: 4/4
  1465 | D:3      | Noticed Ijyb
  1688 | D:3      | Killed Ijyb
  1689 | D:3      | Gained mutation: A meltable icy envelope protects you from
                  | harm. (AC +0) [demonic ancestry]
  1689 | D:3      | Reached XP level 5. HP: 19/42 MP: 5/5
  1869 | D:3      | Found an ornate altar of the Wu Jian Council.
  1871 | D:3      | Found a sparkling altar of Nemelex Xobeh.
  1871 | D:3      | Noticed Sigmund
  1902 | D:3      | Killed Sigmund
  1903 | D:3      | Gained mutation: Your movements are slightly less
                  | encumbered by armour. (ER -2) [demonic ancestry]
  1903 | D:3      | Reached XP level 6. HP: 43/49 MP: 6/6
  1978 | D:3      | Found Naroic's Antique Weapon Boutique.
  1987 | D:3      | Bought a glowing war axe for 169 gold pieces
  2298 | D:4      | Reached skill level 5 in Fighting
  2490 | D:4      | Found a shadowy altar of Dithmenos.
  2564 | D:4      | Noticed an orc warrior
  2571 | D:4      | Killed an orc warrior
  2572 | D:4      | Reached skill level 6 in Fighting
  2572 | D:4      | Reached skill level 1 in Axes
  2572 | D:4      | Gained mutation: Your movements are less encumbered by
                  | armour. (ER -4) [demonic ancestry]
  2572 | D:4      | Reached XP level 7. HP: 45/58 MP: 7/7
  2845 | D:4      | Noticed Pikel
  2863 | D:4      | HP: 1/58 [Pikel/+2 whip of flaming (3)]
  2863 | D:4      | Slain by Pikel

Illustrated notes

Levels and vault maps discovered:
D:1:      lightli_arrival_chessboard, layout_basic,
          ebering_ecumenical_altar_sacrificial, minmay_rat_gold_closets
D:2:      layout_rooms, basic_altar, roderic_lattice_a
D:3:      layout_rooms, jmf_multi_god_temple, serial_shops, shop, minmay_cupped,
          uniq_ijyb, uniq_sigmund
D:4:      layout_loops_ring, old_standard_altar,
          grunt_dithmenos_smoke_and_mirrors, uniq_pikel

Skill      XL: |  1  2  3  4  5  6  7 |
---------------+----------------------+-----
Fighting       | 3 4 6 |  6.0
Stealth        | 1 3 |  3.0
Dodging        | 4 |  4.0
Axes           | 1 2 |  2.1
Short Blades   | |  2.6
Throwing       | |  1.7

Action                     |  1- 3 |  4- 6 |  7- 9 || total
---------------------------+-------+-------+-------++-------
  Melee: Rapier            |   128 |    73 |       ||   201
         Punch             |     1 |     1 |       ||     2
         War axe           |       |    52 |    24 ||    76
  Throw: Throwing net      |       |     3 |     1 ||     4
         Javelin           |       |     1 |       ||     1
  Evoke: Wand              |       |     1 |       ||     1
    Use: Scroll            |     3 |       |     2 ||     5
         Potion            |       |       |     1 ||     1
   Stab: Sleeping          |     5 |     4 |     1 ||    10
         Held in net/web   |       |     1 |       ||     1
         Distracted        |       |     1 |       ||     1
 Armour: Leather armour    |    35 |    36 |     4 ||    75
  Dodge: Dodged            |    64 |    83 |    14 ||   161
  Block: Other             |    24 |    16 |       ||    40

Table legend: (Time is in decaauts)
 A = Elapsed time spent in this place.
 B = Non-inter-level travel time spent in this place.
 C = Inter-level travel time spent in this place.
 D = Time resting spent in this place.
 E = Time spent auto-exploring this place.
 F = Levels seen in this place.
 G = Mean time per level.
                   A        B        C        D        E       F      G
               +--------+--------+--------+--------+--------+-----+--------+
         Total |   2911 |   2847 |     64 |    331 |   1835 |   4 |  727.8 |
       Dungeon |   2911 |   2847 |     64 |    331 |   1835 |   4 |  727.8 |
               +--------+--------+--------+--------+--------+-----+--------+

Top non-repeatable levels by time:
     D:2: 953 daAuts
     D:1: 683 daAuts
     D:3: 663 daAuts
     D:4: 611 daAuts
